 Adventure DCSS version bcrawl-1.23.1 (webtiles) character file.

Game seed: 11642589855786922661

437 funkygono the Cudgeler (level 7, 0/43 HPs)
             Began as a Gargoyle Reaver on May 26, 2020.
             Was a Priest of Vehumet.
             Slain by an orc
             ... wielding a +0 mace
              (3 damage)
             ... on level 6 of the Dungeon.
             The game lasted 00:19:46 (5340 turns).

funkygono the Cudgeler (Gargoyle Reaver)            Turns: 5340, Time: 00:19:46

Health: 0/43       AC: 12    Str: 15    XL:     7   Next: 1%
Magic:  14/14      EV: 13    Int: 17    God:    Vehumet [***...]
Gold:   214        SH:  0    Dex:  8    Spells: 3/15 levels left
                                        Lives:  0   Deaths: 2

rFire    . . .     SeeInvis .   a - +4 flail
rCold    . . .     Gourm    .   (no shield)
rNeg     + . .     Faith    .   b - +0 steam dragon scales
rPois    ∞         Spirit   .   m - +0 helmet
rElec    +         Reflect  .   (no cloak)
rCorr    .         Harm     .   (no gloves)
MR       .....                  l - +0 pair of boots
Stlth    ++........             (no amulet)
HPRegen  0.14/turn              (no ring)
MPRegen  0.14/turn              (no ring)

@: no status effects
A: negative energy resistance 1, electricity resistance, unbreathing,
petrification resistance, rot immunity, AC +4
a: Renounce Religion


You were on level 6 of the Dungeon.
You worshipped Vehumet.
Vehumet was most pleased with you.
You were not hungry.

You visited 1 branch of the dungeon, and saw 6 of its levels.

You collected 214 gold pieces.

Inventory:

Hand Weapons
 a - a +4 flail (weapon)
Missiles
 i - 967 stones (quivered)
Armour
 b - +0 steam dragon scales (worn)
 k - a +0 scale mail
 l - a +0 pair of boots (worn)
 m - a +0 helmet (worn)
Scrolls
 d - a scroll of immolation
 g - a scroll of amnesia
 j - 2 scrolls of blinking
 n - a scroll of remove curse
Potions
 c - 2 potions of haste
 f - a potion of brilliance {unknown}
 h - 2 potions of curing
 o - a potion of flight {unknown}
Comestibles
 e - 7 rations {!d}


   Skills:
 + Level 4.2 Fighting
 + Level 6.4 Maces & Flails
 + Level 1.2 Armour
 + Level 4.0 Dodging
 + Level 2.0 Stealth
 + Level 4.9 Spellcasting
 + Level 4.2 Conjurations
 + Level 0.3 Fire Magic
 + Level 2.6 Poison Magic


You had 3 spell levels left.
You knew the following spells:

 Your Spells              Type           Power        Failure   Level  Hunger
a - Magic Dart            Conj           ###.         1%          1    None
b - Sting                 Conj/Pois      ###.         1%          1    None
c - Conjure Flame         Conj/Fire      ##......     4%          3    ###....
d - Mephitic Cloud        Conj/Pois/Air  ##......     4%          3    ###....
e - Throw Icicle          Conj/Ice       ##......     16%         4    ####...

Your spell library contained the following spells:

 Spells                   Type           Power        Failure   Level  Hunger
 Blink                    Tloc           N/A          22%         2    #......
 Call Imp                 Summ           #.....       22%         2    #......
 Spider Form              Tmut/Pois      #..          26%         3    ###....
 Iskenderun's Battlesphe  Conj/Chrm      ##......     38%         5    ######.


Dungeon Overview and Level Annotations

Branches:
Dungeon (6/12)             Temple (0/1) D:5

Altars:
Ashenzari
Kikubaaqudgha
Ru
Trog
Yredelemnul


Innate Abilities, Weirdness & Mutations

You are resistant to torment.
Your stone body is resilient. (AC +4)
You are immune to poison.
You resist negative energy. (rN+)
You are resistant to electric shocks. (rElec)
You can survive without breathing.
You are immune to petrification.
You are immune to rotting.


Message History

You barely miss the iguana.
The iguana is severely wounded.
The centaur hits you with a cursed -3 shortbow.
* * * LOW HITPOINT WARNING * * *
The orc closely misses you. The orc misses you. The orc closely misses you.
The scorpion barely misses you. The centaur closely misses you.
The iguana misses you.
You hit the iguana.
The iguana is severely wounded.
The orc completely misses you. The orc closely misses you.
The orc hits you but does no damage. The centaur misses you.
The scorpion misses you. The iguana barely misses you.
You sock the iguana!
You kill the iguana!
Vehumet accepts your kill.
Your Dodging skill increases to level 4!
Welcome back to level 7!
The centaur misses you. The orc hits you but does no damage.
The orc misses you. The orc hits you with a +0 mace.
You die...

...........# ...........
..........# ..........#
..........# ###
..........## ##.##
......Zos..# ....##
......c@o..# .....##
#.....o....# ......##
##......[..# .......##
###.......# ........##
##....### .........##
####.# ..........# #.#
#### ..........##
#.###..##
..)........######§......#


You could see a centaur, a scorpion, 3 orcs and a quokka skeleton.

Vanquished Creatures
  A hungry ghost (D:5)
  A water moccasin (D:5)
  A sky beast (D:5)
  A black bear (D:3)
  A centaur (D:5)
  A bullfrog (D:4)
  A scorpion (D:5)
  2 howler monkeys
  5 crimson imps
  A centaur zombie (D:4)
  A hound (D:4)
  2 orc priests (D:6)
  3 iguanas
  A worker ant (D:5)
  4 orc wizards
  2 hound zombies
  Robin (D:2)
  A worker ant zombie (D:5)
  5 adders
  2 shadow imps (D:5)
  An ooze (D:2)
  2 adder zombies (D:5)
  2 worms (D:2)
  2 dart slugs
  4 leopard geckos
  11 orcs
  A ball python (D:1)
  6 bats
  A bat zombie (D:3)
  3 giant cockroaches
  16 goblins
  17 hobgoblins
  10 jackals
  A quokka (D:3)
  6 frilled lizards
  6 kobolds
  2 quokka zombies (D:5)
  7 rats
  2 rat zombies (D:3)
137 creatures vanquished.

Notes
Turn   | Place    | Note
-------+----------+-------------------------------------------
     0 | D:1      | funkygono the Gargoyle Reaver began the quest for the Orb.
     0 | D:1      | Reached XP level 1. HP: 14/14 MP: 3/3
    85 | D:1      | Reached XP level 2. HP: 19/19 MP: 5/5
   256 | D:1      | Found a shattered altar of Ashenzari.
   324 | D:1      | Reached * piety under Vehumet
   324 | D:1      | Offered knowledge of Magic Dart by Vehumet.
   343 | D:1      | Reached XP level 3. HP: 21/23 MP: 6/6
   354 | D:1      | Learned a level 1 spell: Magic Dart
  1169 | D:2      | Noticed Robin
  1185 | D:2      | Reached XP level 4. HP: 17/29 MP: 3/7
  1200 | D:2      | Killed Robin
  1200 | D:2      | Reached ** piety under Vehumet
  1204 | D:2      | Offered knowledge of Sting by Vehumet.
  1207 | D:2      | Learned a level 1 spell: Sting
  1469 | D:2      | Reached skill level 4 in Maces & Flails
  1554 | D:2      | Reached XP level 5. HP: 30/33 MP: 5/8
  2119 | D:3      | Reached skill level 1 in Conjurations
  2402 | D:3      | Offered knowledge of Conjure Flame by Vehumet.
  2421 | D:3      | Learned a level 3 spell: Conjure Flame
  2748 | D:3      | Found an ancient bone altar of Kikubaaqudgha.
  2896 | D:3      | Noticed a black bear
  2943 | D:3      | Killed a black bear
  2943 | D:3      | Reached skill level 1 in Armour
  2943 | D:3      | Reached XP level 6. HP: 19/38 MP: 6/10
  3115 | D:3      | Found a bloodstained altar of Trog.
  3237 | D:4      | Reached skill level 1 in Poison Magic
  3340 | D:4      | Reached XP level 7. HP: 32/42 MP: 5/11
  3586 | D:4      | Reached skill level 5 in Maces & Flails
  3719 | D:4      | Reached *** piety under Vehumet
  3728 | D:4      | Reached skill level 1 in Stealth
  4012 | D:4      | Found a basalt altar of Yredelemnul.
  4147 | D:4      | Learned a level 3 spell: Mephitic Cloud
  4164 | D:5      | Entered Level 5 of the Dungeon
  4176 | D:5      | Noticed a hungry ghost
  4199 | D:5      | Killed a hungry ghost
  4199 | D:5      | Reached XP level 8. HP: 46/48 MP: 1/13
  4488 | D:5      | Reached skill level 6 in Maces & Flails
  4695 | D:5      | Offered knowledge of Throw Icicle by Vehumet.
  4701 | D:5      | Learned a level 4 spell: Throw Icicle
  4911 | D:5      | Found a staircase to the Ecumenical Temple.
  5038 | D:5      | Found a sacrificial altar of Ru.
  5233 | D:6      | Hit by a tomahawk thrown by an orc warrior
  5234 | D:6      | Reached XP level 7. HP: -3/43 MP: 9/13
  5248 | D:6      | Slain by an orc warrior
  5249 | D:6      | Reached XP level 6. HP: -2/38 MP: 12/12
  5340 | D:6      | Reached XP level 7. HP: 3/43 MP: 14/14
  5340 | D:6      | Slain by an orc

Skill      XL: |  1  2  3  4  5  6  7  8 |
---------------+-------------------------+-----
Dodging        | 3 4 |  4.0
Maces & Flails | 4 5 6 |  6.4
Conjurations   | 2 3 4 |  4.2
Armour         | 1 |  1.2
Spellcasting   | 3 4 |  4.9
Poison Magic   | 2 |  2.6
Stealth        | 1 2 |  2.0
Fighting       | 4 |  4.2
Fire Magic     | |  0.3

Action                   |  1- 3 |  4- 6 |  7- 9 || total
-------------------------+-------+-------+-------++-------
Melee: Flail             |   120 |   127 |   131 ||   378
 Cast: Magic Dart        |    37 |    39 |    69 ||   145
       Sting             |       |    64 |    49 ||   113
       Conjure Flame     |       |     3 |     1 ||     4
       Throw Icicle      |       |       |     2 ||     2
  Use: Scroll            |     1 |     7 |     6 ||    14
       Potion            |       |       |     1 ||     1
  Eat: Chunk             |     2 |     8 |     4 ||    14
       Ration            |       |       |     2 ||     2
Armor: Steam dragon scal |    62 |    81 |    49 ||   192
Dodge: Dodged            |    88 |   126 |    92 ||   306
